 Dungeon Crawl Stone Soup version 0.29-a0-998-g1987434951 (webtiles) character file.

Game seed: 12576498498271152523

14498 snetch the Impaler (level 11, -31/153 HPs)
             Began as a Minotaur Berserker on Aug 5, 2022.
             Was a High Priest of Trog.
             Annihilated by a reaper
             ... wielding a +2 scythe of freezing
              (34 damage)
             ... in an ice cave.
             The game lasted 00:34:11 (11035 turns).

snetch the Impaler (Minotaur Berserker)            Turns: 11035, Time: 00:34:13

Health: -31/153    AC: 16    Str: 25    XL:     11   Next: 89%
Magic:  10/10      EV: 14    Int:  4    God:    Trog [*****.]
Gold:   753        SH:  0    Dex: 11    Spells: 10/10 levels left

rFire   + + .      SeeInvis .   a - +4 scythe (vamp)
rCold   . . .      Faith    .   (shield currently unavailable)
rNeg    . . .      Spirit   .   G - +2 chain mail {rF+}
rPois   .          Reflect  .   (helmet restricted)
rElec   .          Harm     .   C - scarf {repulsion}
rCorr   .          Rampage  .   (no gloves)
Will    .....                   L - +1 pair of boots
Stlth   ..........              y - amulet of the acrobat
HPRegen 0.35/turn               z - ring of protection from fire
MPRegen 0.12/turn               v - +4 ring of evasion

@: berserking, repel missiles, very quick
A: horns 2, retaliatory headbutt
a: Renounce Religion, Berserk, Trog's Hand, Brothers in Arms


You were in an ice cave.
You worshipped Trog.
Trog was extremely pleased with you.
You visited 2 branches of the dungeon, and saw 12 of its levels.
You also visited: Ice Cave.

You collected 753 gold pieces.

Inventory:

Hand Weapons
 a - a +4 vampiric scythe (weapon)
 b - a +0 broad axe
 c - the +6 falchion of the Ancient Servitors {speed, +Blink rElec Stlth+}
   (You found it on level 8 of the Dungeon)

   Attacks with this weapon are significantly faster.
   rElec:     It insulates you from electricity.
   +Blink:    It lets you blink.
   Stlth:     It makes you more stealthy.
 B - a +0 scimitar of flaming
Missiles
 t - 23 poisoned darts
 F - 4 throwing nets
 O - 128 stones (quivered)
 P - 4 boomerangs
Armour
 C - a scarf of repulsion (worn)
 G - a +2 chain mail of fire resistance (worn)
 L - a +1 pair of boots (worn)
Jewellery
 v - a +4 ring of evasion (right hand)
 y - an amulet of the acrobat (around neck)
 z - a ring of protection from fire (left hand)
Wands
 m - a wand of roots (1)
 s - a wand of charming (8)
 N - a wand of quicksilver (6)
Scrolls
 d - a scroll of amnesia {unknown}
 j - 7 scrolls of identify {unknown}
 q - 2 scrolls of enchant weapon {unknown}
 x - a scroll of blinking {unknown}
 E - 2 scrolls of immolation
 H - 2 scrolls of vulnerability {unknown}
 I - 2 scrolls of magic mapping {unknown}
 M - 2 scrolls of torment {unknown}
 Q - a scroll of enchant armour {unknown}
Potions
 k - 2 potions of attraction {unknown}
 l - 3 potions of lignification {unknown}
 n - 2 potions of curing
 o - a potion of invisibility {unknown}
 p - a potion of ambrosia {unknown}
 r - 2 potions of flight {unknown}
 u - 2 potions of resistance
 w - a potion of cancellation {unknown}
 A - 3 potions of might
 R - a potion of haste


   Skills:
 + Level 11.2 Fighting
 + Level 6.5(12.3) Axes
 + Level 16.1(16.5) Polearms
 + Level 10.5 Armour
 + Level 4.0 Dodging
 + Level 1.8 Stealth


You had 10 spell levels left.
You didn't know any spells.
Your spell library contained the following spells:

 Spells                   Type           Power      Damage    Failure   Level
 Sting                    Tmut/Pois      0%         1d3       95%         1
 Poisonous Vapours        Pois/Air       0%         N/A       99%         2
 Ozocubu's Armour         Ice            0%         N/A       100%        3
 Tukima's Dance           Hex            0%         N/A       100%        3
 Corpse Rot               Necr/Pois/Air  0%         N/A       100%        4
 Olgreb's Toxic Radiance  Pois           0%         N/A       100%        4
 Passage of Golubria      Tloc           0%         N/A       100%        4
 Silence                  Hex/Air        0%         N/A       100%        5
 Yara's Violent Unravell  Hex/Tmut       0%         3d3       100%        5
 Ozocubu's Refrigeration  Ice            0%         4d7       100%        7
 Lehudib's Crystal Spear  Conj/Erth      0%         10d2      100%        8


Dungeon Overview and Level Annotations

Branches:
Dungeon (11/15)            Temple (1/1) D:6             Orc (0/2) D:9
  IceCv (1/1)
   Lair: D:8-11

Altars:
Ashenzari
Cheibriados
Dithmenos
Elyvilon
Fedhas
Gozag
Hepliaklqana
Kikubaaqudgha
Makhleb
Nemelex Xobeh
Okawaru
Qazlal
Ru
Sif Muna
Trog
Uskayaw
Vehumet
Wu Jian
Xom
Yredelemnul
Zin
The Shining One

Shops:
D:11 (

Annotations:
D:11 1 runed translucent door, SirDiesAlot's ghost, journeyman DsNe


Innate Abilities, Weirdness & Mutations

You have a pair of horns on your head.
You reflexively headbutt those who attack you in melee.


Message History

The reaper freezes you!
A red film seems to cover your vision as you go berserk!
You feel yourself moving faster!
You feel mighty!
The reaper hits you from afar with a +2 scythe of freezing!!
* * * LOW HITPOINT WARNING * * *
The reaper freezes you!
* * * LOW HITPOINT WARNING * * *
Reach: a) +4 scythe (vamp)
Press: ? - help, Dir - move target, f/p - reaper
Aim: a reaper, wielding a +2 scythe of freezing (severely wounded, about 31% to evade your +4 vampiric scythe)
You reach to attack!
You barely miss the reaper.
The reaper is severely wounded.
Unknown command.
Reach: a) +4 scythe (vamp)
Press: ? - help, Dir - move target, f/p - reaper
Aim: a reaper, wielding a +2 scythe of freezing (severely wounded, about 31% to evade your +4 vampiric scythe)
You reach to attack!
You puncture the reaper!
The reaper is severely wounded.
The reaper hits you from afar with a +2 scythe of freezing!
* * * LOW HITPOINT WARNING * * *
The reaper freezes you.
* * * LOW HITPOINT WARNING * * *
Reach: a) +4 scythe (vamp)
Press: ? - help, Dir - move target, f/p - reaper
Aim: a reaper, wielding a +2 scythe of freezing (severely wounded, about 31% to evade your +4 vampiric scythe)
You reach to attack!
You hit the reaper but do no damage.
The reaper is severely wounded.
Unknown command.
Press: ? - help, v - describe, . - travel, g - get item
Here: a reaper, wielding a +2 scythe of freezing (severely wounded) Item here: a scroll labelled GECYUN PAMOLO.
The floor.
Unknown command.
Reach: a) +4 scythe (vamp)
Press: ? - help, Dir - move target, f/p - reaper
Aim: a reaper, wielding a +2 scythe of freezing (severely wounded, about 31% to evade your +4 vampiric scythe)
You reach to attack!
You hit the reaper.
The reaper is almost dead.
The reaper hits you from afar with a +2 scythe of freezing!!
You die...

### ####⌠####
#...@...#
#.##'##.#
#.#:2[#.#
#.#.⌠.#.#
##.#}.[#.##
####8.#####.8####
#...............#
#'######'######'#
#.# +.......'.#.#


You could see a reaper.

Vanquished Creatures
  Harold (D:9)
  Erolcha (D:10)
  Erica (D:9)
  A two-headed ogre (D:10)
  Lodul (D:10)
  Amaemon (D:8)
  Maurice (D:9)
  2 ice statues (IceCv)
  An orange demon (D:8)
  Maggie (D:8)
  4 anaconda simulacra (IceCv)
  5 ice devils (IceCv)
  A troll (D:9)
  Sigmund (D:2)
  A shadow (D:10)
  A dire elephant simulacrum (IceCv)
  Eustachio (D:6)
  3 steam dragons
  3 yaks (D:8)
  2 harpy simulacra (IceCv)
  A hydra simulacrum (IceCv)
  A water moccasin (D:7)
  A swamp drake (D:9)
  Duvessa (D:7)
  3 ice beasts
  3 orc warriors
  3 black bears
  4 sky beasts (D:7)
  9 ogres
  2 centaurs
  3 phantoms
  2 kobold brigands
  3 bullfrogs
  3 necrophages
  4 scorpions
  Dowan (D:7)
  20 killer bees
  An elephant simulacrum (IceCv)
  5 howler monkeys
  3 jellies
  2 gnoll boudas (D:7)
  5 orc priests
  Jessica (D:3)
  4 iguanas
  7 orc wizards
  2 troll simulacra (IceCv)
  2 polar bear simulacra (IceCv)
  5 adders
  11 gnolls
  A shadow imp (D:5)
  A white imp (IceCv)
  2 ufetubi
  A worm (D:2)
  4 dart slugs
  43 orcs
  5 ball pythons
  6 bats
  7 endoplasms
  2 giant cockroaches
  10 goblins
  3 hobgoblins
  10 kobolds
  3 quokkas
  3 frilled lizards
  4 rats
250 creatures vanquished.

Notes
Turn   | Place    | Note
-------+----------+-------------------------------------------
     0 | D:1      | snetch the Minotaur Berserker began the quest for the Orb.
     0 | D:1      | Reached XP level 1. HP: 19/19 MP: 0/0
   125 | D:2      | Reached XP level 2. HP: 27/27 MP: 1/1
   153 | D:4      | Noticed a black bear
   158 | D:4      | Reached XP level 3. HP: 33/33 MP: 2/2
   161 | D:4      | Killed a black bear
   162 | D:4      | Reached skill level 5 in Axes
   162 | D:4      | Reached XP level 4. HP: 41/41 MP: 3/3
   460 | D:1      | Reached skill level 5 in Fighting
   491 | D:1      | Reached XP level 5. HP: 48/48 MP: 4/4
   647 | D:1      | Found a faded altar of an unknown god.
   700 | D:1      | Reached ** piety under Trog
  1106 | D:2      | Noticed Sigmund
  1127 | D:2      | Killed Sigmund
  1128 | D:2      | Reached XP level 6. HP: 27/56 MP: 5/5
  2308 | D:3      | Reached skill level 1 in Polearms
  2349 | D:3      | Noticed Jessica
  2350 | D:3      | Killed Jessica
  2468 | D:3      | Reached skill level 2 in Polearms
  2587 | D:4      | Reached skill level 3 in Polearms
  2587 | D:4      | Reached XP level 7. HP: 48/62 MP: 6/6
  2723 | D:5      | Entered Level 5 of the Dungeon
  2732 | D:5      | Reached *** piety under Trog
  2738 | D:5      | Reached skill level 4 in Polearms
  2886 | D:5      | Reached skill level 5 in Polearms
  3094 | D:5      | Reached skill level 6 in Polearms
  3378 | D:3      | Reached XP level 8. HP: 68/70 MP: 7/7
  3932 | D:5      | Reached skill level 7 in Polearms
  4386 | D:6      | Noticed Eustachio
  4405 | D:6      | Killed Eustachio
  4406 | D:6      | Reached skill level 8 in Polearms
  4406 | D:6      | Reached skill level 5 in Armour
  4454 | D:7      | Reached **** piety under Trog
  4461 | D:7      | Reached skill level 9 in Polearms
  4740 | D:6      | Reached XP level 9. HP: 79/79 MP: 8/8
  4769 | D:7      | Reached skill level 10 in Polearms
  5151 | D:6      | Found a staircase to the Ecumenical Temple.
  5160 | Temple   | Entered the Ecumenical Temple
  5416 | D:6      | You fall into a shaft and drop 2 floors!
  5438 | D:8      | Found a blossoming altar of Fedhas.
  5438 | D:8      | Found an opulent altar of Gozag.
  5445 | D:8      | Found a faded altar of an unknown god.
  5447 | D:8      | Found a hide-covered altar of Uskayaw.
  5449 | D:8      | Found a faded altar of an unknown god.
  5513 | D:8      | Reached skill level 11 in Polearms
  5528 | D:8      | Reached skill level 1 in Stealth
  5739 | D:8      | Noticed Maggie
  5748 | D:8      | Killed Maggie
  5773 | D:8      | Noticed an orange demon
  5780 | D:8      | Killed an orange demon
  5781 | D:8      | Reached skill level 12 in Polearms
  5781 | D:8      | Reached XP level 10. HP: 90/90 MP: 9/9
  5781 | D:8      | Noticed Amaemon
  5785 | D:8      | Identified the +6 falchion of the Ancient Servitors {speed,
                  | +Blink rElec Stlth+}
  5794 | D:8      | Killed Amaemon
  5834 | D:7      | Found a sacrificial altar of Ru.
  6442 | D:7      | Reached skill level 13 in Polearms
  6523 | D:7      | Found a stormy altar of Qazlal.
  6544 | D:7      | Identified the +1 ring mail of Iraen {Stlth+}
  6890 | D:7      | Noticed Duvessa
  6891 | D:7      | Killed Duvessa
  6892 | D:7      | Noticed Dowan
  6895 | D:7      | Killed Dowan
  7183 | D:9      | Noticed Maurice
  7198 | D:9      | Killed Maurice
  7691 | D:9      | Found a glowing golden altar of the Shining One.
  7858 | D:9      | Noticed Harold
  7877 | D:9      | Killed Harold
  8019 | D:10     | Entered Level 10 of the Dungeon
  8079 | D:9      | Reached skill level 14 in Polearms
  8128 | D:9      | Noticed Erica
  8140 | D:9      | Killed Erica
  8141 | D:9      | Reached XP level 11. HP: 80/99 MP: 10/10
  8386 | D:9      | Reached ***** piety under Trog
  8422 | D:9      | Found a staircase to the Orcish Mines.
  8674 | D:10     | Noticed Erolcha
  8689 | D:10     | Reached skill level 10 in Fighting
  8699 | D:10     | Killed Erolcha
  8737 | D:10     | Noticed a two-headed ogre
  8737 | D:10     | Noticed Lodul
  8746 | D:10     | Killed a two-headed ogre
  8753 | D:10     | Killed Lodul
  8759 | D:10     | Reached skill level 15 in Polearms
  8805 | D:11     | Found Xetep's Weapon Boutique.
  9007 | D:11     | Found a runed translucent door.
  9007 | D:11     | Noticed a wolf spider
  9007 | D:11     | Noticed SirDiesAlot's ghost (journeyman DsNe)
  9049 | D:11     | Found a frozen archway.
  9068 | IceCv    | Entered an ice cave
  9768 | IceCv    | HP: 3/101 [something] (16)]
 10060 | IceCv    | Reached skill level 10 in Armour
 10919 | IceCv    | Reached skill level 16 in Polearms
 11027 | IceCv    | Noticed a reaper
 11033 | IceCv    | HP: 4/153 [reaper/+2 scythe of freezing (13)]
 11035 | IceCv    | Annihilated by a reaper

Illustrated notes

Levels and vault maps discovered:
D:1:      dpeg_arrival_rooms_b, layout_basic, ebering_ecumenical_altar_rust
D:2:      layout_rooms, uniq_sigmund
D:3:      layout_loops_corners, uniq_jessica
D:4:      layout_basic, kennysheep_generic_room_14
D:5:      layout_cave_pools, minmay_quadrilaterals
D:6:      layout_basic, temple_hall, serial_corexii_hall,
          corexii_hall_statues_x, chequers_hall_statues_corner_a,
          chequers_serial_rivers_micro_d, uniq_eustachio
D:7:      layout_loops_ring, mainiacjoe_overflow_large_starburst, serial_rivers,
          chequers_serial_rivers_large_b, chequers_serial_rivers_micro_d,
          chequers_serial_rivers_micro_a, chequers_serial_rivers_micro_d,
          chequers_serial_rivers_micro_a, eino_small_chamber_without_monster,
          st_stairs_11, hangedman_decor_opposing, uniq_duvessa
D:8:      layout_loops_ring, chequers_temple_overflow_minitemple,
          minmay_misc_feat_tower, uniq_maggie, uniq_amaemon
D:9:      layout_roguey, nicolae_tso_carved_into_rock, erik_orc_1,
          serial_curves, eino_curves_03, eino_curves_04, uniq_maurice,
          uniq_harold, uniq_erica, uniq_joseph
D:10:     layout_rooms, moated_statue, uniq_lodul, uniq_erolcha
D:11:     layout_basic, david_lair_generic, ebering_ghost_inner_flame,
          portal_ice_cave_entry_pillars_1, serial_shops, shop,
          minmay_misc_feat_five
Temple:   nicolae_temple_slightly_damp_pantheon
IceCv:    ice_cave_tombish

Skill      XL: |  1  2  3  4  5  6  7  8  9 10 11 |
---------------+----------------------------------+-----
Axes           | 4 5 6 |  6.5
Fighting       | 4 5 6 7 8 9 11 | 11.2
Dodging        | 3 4 |  4.0
Armour         | 3 4 5 7 9 10 | 10.5
Polearms       | 3 6 9 12 14 16 | 16.1
Stealth        | 1 |  1.8

Action                   |  1- 3 |  4- 6 |  7- 9 | 10-12 || total
-------------------------+-------+-------+-------+-------++-------
Melee: Hand axe          |    25 |    37 |       |       ||    62
       Headbutt          |     3 |     8 |    27 |    66 ||   104
       Halberd           |       |    67 |   202 |   377 ||   646
Invok: Berserk           |     1 |     1 |     2 |     2 ||     6
       Trog's Hand       |       |     1 |     1 |     1 ||     3
  Use: Potion            |       |       |       |     1 ||     1
Armor: Ring mail         |    12 |    15 |       |       ||    27
       Chain mail        |       |     8 |    20 |    54 ||    82
       Plate armour      |       |       |    82 |    45 ||   127
Dodge: Dodged            |    10 |    41 |   105 |   156 ||   312
       Repelled          |       |       |       |     2 ||     2

Table legend: (Time is in decaauts)
 A = Elapsed time spent in this place.
 B = Non-inter-level travel time spent in this place.
 C = Inter-level travel time spent in this place.
 D = Time resting spent in this place.
 E = Time spent auto-exploring this place.
 F = Levels seen in this place.
 G = Mean time per level.
                   A        B        C        D        E       F      G
               +--------+--------+--------+--------+--------+-----+--------+
         Total |  11053 |  10581 |    472 |    672 |   7011 |  13 |  850.2 |
       Dungeon |   8930 |   8476 |    454 |     91 |   5656 |  11 |  811.8 |
        Temple |    183 |    165 |     18 |      0 |    148 |   1 |  183.0 |
      Ice Cave |   1939 |   1939 |      0 |    581 |   1207 |   1 | 1939.0 |
               +--------+--------+--------+--------+--------+-----+--------+

Top non-repeatable levels by time:
   IceCv: 1939 daAuts
     D:6: 1041 daAuts
     D:9: 1012 daAuts
     D:8: 1000 daAuts
     D:7: 992 daAuts
     D:1: 941 daAuts
     D:4: 924 daAuts
     D:2: 917 daAuts
     D:3: 864 daAuts
     D:5: 839 daAuts
    D:11: 259 daAuts
  Temple: 183 daAuts
    D:10: 136 daAuts
